 Dungeon Crawl Stone Soup version 0.23.2-1-ga50397a6bc (webtiles) character file.

Game seed: 1546505039743764091

13577 Mrkan the Severer (level 12, -2/112 HPs)
             Began as a Hill Orc Monk on May 14, 2019.
             Was a High Priest of Beogh.
             Shot with an arrow by a centaur warrior (6 damage)
             ... on level 13 of the Dungeon.
             The game lasted 00:31:11 (12791 turns).

Mrkan the Severer (Hill Orc Monk)                  Turns: 12791, Time: 00:31:11

Health: -2/112     AC: 24    Str: 22    XL:     12   Next: 7%
Magic:  13/13      EV:  8    Int: 10    God:    Beogh [*****.]
Gold:   593        SH:  0    Dex: 13    Spells: 11/11 levels left

rFire    . . .     SeeInvis .   a - +0 hand axe
rCold    . . .     Gourm    .   (no shield)
rNeg     . . .     Faith    .   A - +0 plate armour
rPois    .         Spirit   .   k - +0 helmet
rElec    .         Reflect  .   (no cloak)
rCorr    .         Harm     .   t - +0 pair of gloves
MR       .....                  j - +0 pair of boots
Stlth    ..........             (no amulet)
HPRegen  0.28/turn              h - +5 ring of protection
MPRegen  0.13/turn              r - +3 ring of strength

@: very slightly contaminated
A: walk on water
a: Smiting, Recall Orcish Followers, Give Item to Named Follower, Renounce
Religion


You were on level 13 of the Dungeon.
You worshipped Beogh.
Beogh was extremely pleased with you.
You were very hungry.

You visited 1 branch of the dungeon, and saw 13 of its levels.

You collected 593 gold pieces.

Inventory:

Hand Weapons
 a - a +0 hand axe (weapon)
 M - a cursed -1 war axe
 Q - a +3 halberd
 R - a +3 great sword of freezing
 U - a +0 whip of flaming
Missiles
 n - 5 curare-tipped needles
 x - 50 poisoned needles
Armour
 b - a +0 robe
 d - a +0 ring mail
 j - a +0 pair of boots (worn)
 k - a +0 helmet (worn)
 t - a +0 pair of gloves (worn)
 A - a +0 plate armour (worn)
 O - a +1 scale mail of cold resistance
Jewellery
 h - a +5 ring of protection (left hand)
 i - an uncursed ring of protection from magic
 r - a +3 ring of strength (right hand)
 B - the ring of Wen Veem {rF+ rN+ MR- Stlth+, unknown}
   (You found it on level 5 of the Dungeon)

   [ring of protection from fire]

   It protects you from fire.
   It protects you from negative energy.
   It affects your resistance to hostile enchantments.
   It makes you more stealthy.
 S - an uncursed ring of fire {unknown}
Wands
 v - a wand of acid (35)
 z - a wand of iceblast (9)
 D - a wand of digging (3)
 I - a wand of paralysis (6)
 J - a wand of polymorph (6)
 X - a wand of enslavement (9)
Scrolls
 f - 8 scrolls of identify
 g - 4 scrolls of amnesia {unknown}
 s - a scroll of enchant armour {unknown}
 u - 4 scrolls of fog {unknown}
 w - 4 scrolls of teleportation {unknown}
 y - a scroll of fear {unknown}
 F - a scroll of magic mapping {unknown}
 G - 6 scrolls of remove curse {unknown}
 N - a scroll of enchant weapon {unknown}
 T - a scroll of summoning {unknown}
 W - a scroll of blinking {unknown}
 Y - a scroll of random uselessness {unknown}
Potions
 e - 3 potions of curing {unknown}
 l - 2 potions of ambrosia {unknown}
 m - a potion of brilliance {unknown}
 o - 2 potions of cancellation {unknown}
 p - 4 potions of haste
 q - a potion of invisibility
 C - 2 potions of degeneration {unknown}
 E - 3 potions of mutation {unknown}
 H - a potion of berserk rage {unknown}
 K - a potion of flight {unknown}
 L - 4 potions of agility {unknown}
 P - 4 potions of might {unknown}
 V - a potion of magic {unknown}
Comestibles
 c - 9 rations


   Skills:
 + Level 12.0 Fighting
 * Level 16.0 Axes
 + Level 10.9 Armour
 - Level 2.4 Dodging
 - Level 1.9 Stealth
 * Level 2.3 Invocations


You had 11 spell levels left.
You didn't know any spells.
Your spell library contained the following spells:

 Spells                   Type           Power        Failure   Level  Hunger
 Poisonous Vapours        Pois/Air       #.....       100%        2    ###....
 Conjure Flame            Conj/Fire      #.......     100%        3    ####...
 Mephitic Cloud           Conj/Pois/Air  #.......     100%        3    ####...
 Freezing Cloud           Conj/Ice/Air   #.........   100%        6    #######
 Ring of Flames           Chrm/Fire      #.........   100%        7    #######


Dungeon Overview and Level Annotations

Branches:
Dungeon (14/15)            Temple (0/1) D:5            Lair (0/6) D:11
    Orc (0/2) D:9
 Vaults: D:13-14

Altars:
Ashenzari
Cheibriados
Gozag
Makhleb
Okawaru
Qazlal
Sif Muna
Wu Jian

Shops:
D:4 !*   D:6 (   D:7 (

Annotations:
D:3 1 runed translucent door, Thantalas's ghost, amateur MfSk


Message History

The centaur warrior shoots an arrow.
The arrow hits the hungry ghost!
The hungry ghost is destroyed!
You feel sick.
The centaur warrior shoots an arrow.
You flicker for a moment.
The centaur warrior shoots an arrow.
The arrow barely misses you.
The centaur warrior shoots an arrow.
You feel sick.
You are no longer poisoned.
The centaur warrior shoots an arrow.
The arrow hits you!!
* * * LOW HITPOINT WARNING * * *
You see here an arrow.
You flicker back into view.
The centaur warrior shoots an arrow.
The arrow hits you but does no damage.
You see here an arrow.
The centaur warrior shoots an arrow.
The arrow hits you.
* * * LOW HITPOINT WARNING * * *
You see here an arrow.
The centaur warrior shoots an arrow.
The arrow hits you.
You die...

.. #.. . #..#
#..## ##..#
#.....#######..#
#..@(..#...###
#####(.......#####
#.............#
#.............#
##...((.......#
##....$......##
##...c.......#
##..........#
##.........##


You could see a centaur warrior.

Vanquished Creatures
  A centaur warrior (D:9)
  A gargoyle (D:10)
  Prince Ribbit (D:7)
  A hornet (D:13)
  Eustachio (D:6)
  11 yaks
  A wyvern (D:13)
  A hungry ghost (D:7)
  2 vampire mosquitoes (D:13)
  A warg (D:11)
  A water moccasin (D:6)
  3 sky beasts (D:8)
  A slave (D:9)
  2 orc warriors
  An ice beast (D:6)
  2 black bears
  A phantom (D:8)
  An eye of draining (D:9)
  5 ogres
  2 wolves (D:8)
  2 centaurs
  8 bullfrogs
  2 scorpions
  5 killer bees
  3 wights (D:7)
  A howler monkey (D:5)
  7 crimson imps
  2 centaur zombies
  A bullfrog zombie (D:10)
  A quasit (D:6)
  4 hounds
  2 jellies
  2 centaur skeletons
  4 orc priests
  6 orc wizards
  2 bullfrog skeletons
  3 worker ants
  3 iguanas
  A killer bee zombie (D:7)
  A worker ant zombie (D:5)
  Robin (D:3)
  7 gnolls (D:7)
  11 adders
  A shadow imp (D:7)
  3 oozes
  An adder skeleton (D:6)
  3 worms
  3 dart slugs
  3 leopard geckos
  14 orcs
  2 bats
  5 giant cockroaches
  20 goblins
  9 hobgoblins
  5 jackals
  5 kobolds
  2 quokkas (D:7)
  A ball python (D:2)
  4 frilled lizards
  A jackal skeleton (D:4)
  8 rats
209 creatures vanquished.

Vanquished Creatures (collateral kills)
  Snorg (D:10)
  5 two-headed ogres
  Pikel (D:9)
  An ugly thing (D:11)
  Psyche (D:8)
  2 trolls
  A spriggan (D:9)
  2 yaks
  A wyvern (D:9)
  Grum (D:8)
  2 hungry ghosts
  2 wargs (D:11)
  A sky beast (D:8)
  4 orc warriors
  An ice beast (D:9)
  2 ogres
  2 wolves (D:8)
  2 bullfrogs
  3 scorpions
  3 killer bees (D:11)
  5 wights (D:8)
  3 crimson imps
  A centaur zombie (D:11)
  2 quasits
  3 hounds
  A jelly (D:10)
  An orc priest (D:10)
  6 orc wizards
  A worker ant (D:7)
  A hound zombie (D:9)
  A worker ant zombie (D:11)
  2 adders
  2 shadow imps (D:11)
  A leopard gecko (D:9)
  8 orcs
  2 jackals (D:9)
  A quokka (D:11)
  A quokka zombie (D:10)
  A plant (D:11)
81 creatures vanquished.

Vanquished Creatures (others)
  2 orc warriors
  A hungry ghost (D:13)
  3 orc wizards
  A centaur zombie (D:9)
  An orc priest (D:9)
  14 orcs
  2 plants (D:11)
24 creatures vanquished.

Grand Total: 314 creatures vanquished

Notes
Turn   | Place    | Note
-------+----------+-------------------------------------------
     0 | D:1      | Mrkan the Hill Orc Monk began the quest for the Orb.
     0 | D:1      | Reached XP level 1. HP: 19/19 MP: 1/1
    45 | D:1      | Reached XP level 2. HP: 25/27 MP: 2/2
   424 | D:2      | Reached skill level 5 in Axes
   436 | D:2      | Reached XP level 3. HP: 29/33 MP: 3/3
   438 | D:2      | Found an iron altar of Okawaru.
   438 | D:2      | Found a deep blue altar of Sif Muna.
   439 | D:2      | Found a snail-covered altar of Cheibriados.
   830 | D:2      | Found a faded altar of an unknown god.
   958 | D:2      | Reached XP level 4. HP: 40/40 MP: 4/4
  1127 | D:2      | Reached skill level 6 in Axes
  1554 | D:3      | Noticed Robin
  1572 | D:3      | Killed Robin
  1747 | D:3      | Reached skill level 1 in Armour
  1747 | D:3      | Reached XP level 5. HP: 46/46 MP: 5/5
  1862 | D:3      | Became a worshipper of Beogh the Brigand
  1862 | D:3      | Reached * piety under Beogh
  1862 | D:3      | Reached ** piety under Beogh
  1877 | D:3      | Found a runed translucent door.
  1880 | D:3      | Noticed Thantalas's ghost (amateur MfSk)
  2336 | D:4      | Noticed an ogre
  2351 | D:4      | Killed an ogre
  2351 | D:4      | Reached skill level 7 in Axes
  2351 | D:4      | Reached XP level 6. HP: 27/53 MP: 6/6
  2558 | D:4      | Found Batopsun's Assorted Antiques.
  2645 | D:4      | Reached skill level 8 in Axes
  2652 | D:4      | You fall through a shaft for 3 floors!
  2753 | D:7      | Found Rapn's Weapon Shoppe.
  2844 | D:7      | Noticed a hungry ghost
  2853 | D:7      | Reached XP level 7. HP: 52/60 MP: 7/7
  2870 | D:7      | Killed a hungry ghost
  2870 | D:7      | Reached skill level 5 in Fighting
  2870 | D:7      | Reached skill level 9 in Axes
  2880 | D:7      | Paralysed by fainting for 6 turns
  3157 | D:7      | Reached skill level 10 in Axes
  3169 | D:7      | Reached XP level 8. HP: 44/68 MP: 8/8
  3770 | D:7      | Noticed Prince Ribbit
  3814 | D:5      | Entered Level 5 of the Dungeon
  3828 | D:5      | Found a staircase to the Ecumenical Temple.
  3875 | D:5      | Reached skill level 11 in Axes
  4076 | D:5      | Found a burning altar of Makhleb.
  4430 | D:5      | Got a serpentine pewter ring
  4480 | D:4      | Found Dixoept's Distillery.
  4612 | D:4      | Reached *** piety under Beogh
  4972 | D:6      | Found a shattered altar of Ashenzari.
  5041 | D:6      | Reached skill level 12 in Axes
  5093 | D:6      | Reached XP level 9. HP: 60/75 MP: 9/9
  5200 | D:6      | Reached skill level 5 in Armour
  5405 | D:6      | Noticed Eustachio
  5427 | D:6      | Killed Eustachio
  5427 | D:6      | Reached skill level 13 in Axes
  5443 | D:6      | Found an ornate altar of the Wu Jian Council.
  5449 | D:6      | Found an opulent altar of Gozag.
  5518 | D:6      | Found a burning altar of Makhleb.
  5880 | D:6      | Found Hunesao's Weapon Shop.
  5915 | D:6      | Found a stormy altar of Qazlal.
  6362 | D:7      | Killed Prince Ribbit
  6676 | D:7      | Gained Korbok as an ally
  6682 | D:7      | Reached skill level 14 in Axes
  6990 | D:8      | Noticed a two-headed ogre
  7002 | D:8      | Killed a two-headed ogre
  7002 | D:8      | Reached XP level 10. HP: 69/86 MP: 10/10
  7634 | D:8      | Noticed Grum
  7634 | D:8      | Noticed Psyche
  7652 | D:8      | Killed Psyche
  7652 | D:8      | Reached **** piety under Beogh
  7654 | D:8      | Your ally Korbok died
  7654 | D:8      | Killed Grum
  8127 | D:9      | Found a staircase to the Orcish Mines.
  8280 | D:9      | Noticed a centaur warrior
  8288 | D:9      | Noticed a two-headed ogre
  8307 | D:9      | Killed a centaur warrior
  8307 | D:9      | Reached skill level 15 in Axes
  8320 | D:9      | Killed a two-headed ogre
  8706 | D:9      | Noticed Pikel
  8720 | D:9      | Killed Pikel
  8720 | D:9      | Reached XP level 11. HP: 94/99 MP: 11/11
  8794 | D:9      | Reached skill level 10 in Fighting
  9157 | D:9      | Noticed a two-headed ogre
  9172 | D:9      | Killed a two-headed ogre
 10295 | D:10     | Entered Level 10 of the Dungeon
 10871 | D:10     | Noticed Snorg
 10883 | D:10     | Killed Snorg
 10908 | D:10     | Reached ***** piety under Beogh
 11769 | D:11     | Reached skill level 10 in Armour
 11780 | D:11     | Noticed a two-headed ogre
 11787 | D:11     | Killed a two-headed ogre
 11821 | D:11     | Gained Rocco as an ally
 11879 | D:11     | Gained Orik as an ally
 12089 | D:11     | Noticed a red ugly thing
 12104 | D:11     | Killed a red ugly thing
 12343 | D:11     | Reached skill level 1 in Invocations
 12408 | D:11     | Found a staircase to the Lair.
 12409 | D:11     | Noticed a two-headed ogre
 12422 | D:11     | Killed a two-headed ogre
 12422 | D:11     | Reached XP level 12. HP: 43/112 MP: 11/13
 12711 | D:11     | You fall through a shaft for 3 floors!
 12721 | D:13     | Noticed a centaur warrior
 12748 | D:13     | Reached skill level 16 in Axes
 12786 | D:13     | HP: 5/112 [centaur warrior/arrow (22)]
 12791 | D:13     | Shot with an arrow by a centaur warrior

Skill      XL: |  1  2  3  4  5  6  7  8  9 10 11 12 |
---------------+-------------------------------------+-----
Fighting       | 4 5 6 7 9 11 12 | 12.0
Axes           | 5 6 7 8 10 12 14 15 16 | 16.0
Armour         | 1 2 3 4 6 8 10 | 10.9
Invocations    | 1 2 |  2.3
Dodging        | |  2.4
Stealth        | |  1.9

Action                   |  1- 3 |  4- 6 |  7- 9 | 10-12 || total
-------------------------+-------+-------+-------+-------++-------
Melee: Hand axe          |   125 |   206 |   604 |   574 ||  1509
Invok: Convert to Beogh  |       |     1 |       |       ||     1
       Smiting           |       |       |     1 |       ||     1
  Use: Scroll            |       |     3 |       |       ||     3
       Potion            |       |       |     1 |     1 ||     2
 Stab: Invisible         |       |       |     1 |       ||     1
       Distracted        |       |       |       |     1 ||     1
  Eat: Chunk             |       |     3 |     6 |    12 ||    21
       Ration            |       |     1 |     3 |     3 ||     7
Armor: Robe              |     5 |       |       |       ||     5
       Ring mail         |    20 |    86 |   130 |       ||   236
       Plate armour      |       |       |   212 |   260 ||   472
Dodge: Dodged            |    74 |   136 |   224 |   153 ||   587
